 Dungeon Crawl Stone Soup version 0.22.1-6-g1668fe2c40 (webtiles) character file.

553 Peloso the Covered (level 7, 0/60 HPs)
             Began as a Minotaur Fighter on Jan 20, 2019.
             Was a Follower of Okawaru.
             Slain by an ogre
             ... wielding a +0 giant club
              (18 damage)
             ... on level 4 of the Dungeon.
             The game lasted 00:08:23 (3804 turns).

Peloso the Covered (Minotaur Fighter)               Turns: 3804, Time: 00:08:24

Health: 0/60       AC: 10    Str: 21    XL:     7   Next: 8%
Magic:  6/6        EV:  6    Int:  5    God:    Okawaru [*.....]
Gold:   181        SH: 10    Dex: 11    Spells: 6/6 levels left

rFire    + . .     SeeInvis .   a - +0 long sword
rCold    + . .     Gourm    .   c - +0 shield
rNeg     . . .     Faith    .   e - +0 chain mail
rPois    .         Spirit   .   (helmet restricted)
rElec    .         Reflect  .   h - scarf {rC+ rF+}
rCorr    .         Harm     .   (no gloves)
MR       .....                  (no boots)
Stlth    ..........             (no amulet)
HPRegen  0.20/turn              (no ring)
MPRegen  0.10/turn              (no ring)

@: no status effects
A: retaliatory headbutt, horns 2
a: Heroism, Renounce Religion


You were on level 4 of the Dungeon.
You worshipped Okawaru.
Okawaru was aware of your devotion.
You were not hungry.

You visited 1 branch of the dungeon, and saw 4 of its levels.
You also visited: Sewer.

You collected 181 gold pieces.

Inventory:

Hand Weapons
 a - a +0 long sword (weapon)
Armour
 b - a +0 scale mail
 c - a +0 shield (worn)
 e - a +0 chain mail (worn)
 h - a scarf of resistance (worn)
Scrolls
 j - 5 scrolls of teleportation
 k - a scroll of remove curse
 l - a scroll of blinking
 m - 2 scrolls of identify
 q - a scroll of magic mapping
Potions
 d - 4 potions of might
 g - 7 potions of curing
 i - 2 potions of heal wounds
 n - a potion of brilliance
 o - a potion of magic {unknown}
 p - a potion of ambrosia {unknown}
Comestibles
 f - 6 rations
 r - a chunk of flesh


   Skills:
 + Level 4.4 Fighting
 + Level 5.5 Long Blades
 + Level 6.2 Armour
 + Level 1.0 Dodging
 + Level 0.2 Stealth
 + Level 5.8 Shields


You had 6 spell levels left.
You didn't know any spells.
Your spell library contained the following spells:

 Spells                   Type           Power        Failure   Level  Hunger
 Corona                   Hex            #......      100%        1    ##.....
 Ensorcelled Hibernation  Hex/Ice        #.....       100%        2    ###....
 Confuse                  Hex            #.......     100%        3    ####...
 Dazzling Spray           Conj/Hex       #.....       100%        3    ####...
 Tukima's Dance           Hex            #.......     100%        3    ####...


Dungeon Overview and Level Annotations

Branches:
Dungeon (4/15)
 Temple: D:4-7

Altars:
Okawaru


Innate Abilities, Weirdness & Mutations

You reflexively headbutt those who attack you in melee.
You have a pair of horns on your head.


Message History

q - 2 scrolls labeled UPUFRO TOCOINN (gained 1)
Found a stone staircase leading down.
The frilled lizard hisses angrily.
Found a ring mail.
The frilled lizard bites the fungus.
The frilled lizard bites the fungus.
The frilled lizard bites the fungus.
The frilled lizard bites the fungus.
As you read the scroll labeled UPUFRO TOCOINN, it crumbles to dust.
You feel aware of your surroundings.
You sensed 1 shop/portal.
It was a scroll of magic mapping.
The frilled lizard bites the fungus.
An ogre comes into view. It is wielding a giant club.
The ogre shouts!
An orc comes into view.
The orc shouts!
Found 17 sling bullets.
You hit the ogre. Your headbutt misses the ogre.
The ogre is moderately wounded.
The ogre hits you with a giant club!!
You die...

*,,***,*,,,* *,,, **####.**
*,,.,,*******,,,
*,.....#####.,...,,,,,,,,,
*,.........#.....,,,,,,,,,
*,..........,....,,,,,,,,,
*,.........#..(..,,,,,,,,,
**#...#.o..#....:..,,,,,,,
#......O..#......,,,,,,,
*****,.##..@.........**,,,,,
**,*,#.#.#.#.......[..,,,*,,,
*,,,,........##.......#*,,,,*
**,*,#.#.#.#..##.###..#####,,
*,,,,,.............##.....#*,
**,*,#.#.#.#......>.......##*
*,,,,......................#
***,*,#.#.#.#...............#
*,,,,,.....................###


You could see an ogre and an orc.

Vanquished Creatures
  2 big kobolds (Sewer)
  A scorpion (D:4)
  2 hounds (D:4)
  Natasha (D:2)
  2 worker ants (D:4)
  A hound skeleton (D:4)
  5 adders
  6 river rats
  An ooze (Sewer)
  A worm (D:3)
  3 dart slugs
  6 leopard geckos
  An orc (D:3)
  6 giant cockroaches
  5 goblins
  9 hobgoblins
  2 jackals (D:1)
  2 quokkas
  4 ball pythons
  6 bats
  6 frilled lizards
  23 kobolds
  29 rats
  2 fungi (D:1)
126 creatures vanquished.

Vanquished Creatures (others)
  A kobold (Sewer)
1 creature vanquished.

Grand Total: 127 creatures vanquished

Notes
Turn   | Place    | Note
-------+----------+-------------------------------------------
     0 | D:1      | Peloso the Minotaur Fighter began the quest for the Orb.
     0 | D:1      | Reached XP level 1. HP: 19/19 MP: 0/0
   222 | D:1      | Reached XP level 2. HP: 27/27 MP: 1/1
  1050 | D:2      | Reached XP level 3. HP: 33/33 MP: 2/2
  1117 | D:2      | Found an iron altar of Okawaru.
  1122 | D:2      | Reached skill level 4 in Armour
  1132 | D:2      | Became a worshipper of Warmaster Okawaru
  1582 | D:2      | Noticed Natasha
  1589 | D:2      | Killed Natasha
  1589 | D:2      | Reached XP level 4. HP: 31/40 MP: 3/3
  1678 | D:3      | Found a glowing drain.
  1735 | Sewer    | Entered a sewer
  1766 | Sewer    | Noticed a big kobold
  1775 | Sewer    | Killed a big kobold
  1775 | Sewer    | Reached skill level 5 in Shields
  1775 | Sewer    | Reached XP level 5. HP: 41/46 MP: 4/4
  1856 | Sewer    | Reached skill level 5 in Armour
  2001 | Sewer    | Reached * piety under Okawaru
  2001 | Sewer    | Reached XP level 6. HP: 7/52 MP: 5/5
  3419 | D:3      | Reached skill level 1 in Dodging
  3714 | D:4      | Reached skill level 6 in Armour
  3726 | D:4      | Reached skill level 5 in Long Blades
  3732 | D:4      | Reached XP level 7. HP: 10/60 MP: 6/6
  3804 | D:4      | Slain by an ogre

Skill      XL: |  1  2  3  4  5  6 |
---------------+-------------------+-----
Shields        | 4 5 |  5.8
Long Blades    | 3 4 5 |  5.5
Armour         | 4 5 6 |  6.2
Fighting       | 4 |  4.4
Dodging        | 1 |  1.0
Stealth        | |  0.2

Action                   |  1- 3 |  4- 6 |  7- 9 || total
-------------------------+-------+-------+-------++-------
Melee: Long sword        |   102 |   237 |     1 ||   340
       Headbutt          |    20 |    37 |       ||    57
  Use: Scroll            |       |     6 |     1 ||     7
       Potion            |       |     4 |       ||     4
  Eat: Chunk             |     2 |     7 |     1 ||    10
Armor: Chain mail        |    37 |   186 |       ||   223
Dodge: Dodged            |    23 |    89 |       ||   112
Block: Shield            |    59 |   198 |       ||   257
       Rpst.: Long sword |     7 |    27 |       ||    34
